 Dungeon Crawl Stone Soup version 0.30.0-10-gfe55d96785 (webtiles) character file.

Game seed: 11991108203605326708

910 monsoonserge the Trooper (level 8, -2/84 HPs)
             Began as an Ogre Cinder Acolyte on May 14, 2023.
             Was a High Priest of Ignis.
             Slain by a sky beast (5 damage)
             ... on level 6 of the Dungeon.
             The game lasted 00:14:13 (4772 turns).

monsoonserge the Trooper (Ogre Cinder Acolyte)      Turns: 4772, Time: 00:14:13

Health: -2/84      AC:  3    Str: 21    XL:     8   Next: 8%
Magic:  9/11       EV:  9    Int: 15    God:    Ignis [*****.]
Gold:   238        SH:  5    Dex:  4    Spells: 9/11 levels left

rFire   + + .        C - +0 war axe (heavy)
rCold   + + .        (no shield)
rNeg    . . .        b - +0 robe
rPois   .            (helmet restricted)
rElec   .            F - scarf {rC+ rF+}
rCorr   .            (gloves unavailable)
SInv    .            (boots unavailable)
Will    .....        v - amulet of reflection
Stlth   +            l - ring of protection from cold
HPRegen 0.34/turn    (no ring)
MPRegen 0.12/turn

%: reflection
@: no status effects
A: large, unfitting armour, tough skin 1
a: Renounce Religion, Fiery Armour, Foxfire Swarm, Rising Flame


You were on level 6 of the Dungeon.
You worshipped Ignis.
Ignis was extremely pleased with you.
You visited 1 branch of the dungeon, and saw 6 of its levels.

You collected 238 gold pieces.

Inventory:

Hand Weapons
 a - a -1 mace of flaming
 e - a +0 halberd of venom
 u - a +0 heavy spear
 y - a +3 spear
 C - a +0 heavy war axe (weapon)
Missiles
 f - 18 poisoned darts (quivered)
 k - 49 stones
 p - 5 silver javelins
 A - 2 boomerangs
Armour
 b - a +0 robe (worn)
 F - a scarf of resistance (worn)
Jewellery
 l - a ring of protection from cold (left hand)
 t - an amulet of regeneration
 v - an amulet of reflection (around neck)
Wands
 B - a wand of flame (31)
Scrolls
 c - 5 scrolls of identify {unknown}
 d - 4 scrolls of teleportation {unknown}
 g - a scroll of fear {unknown}
 j - a scroll of enchant weapon {unknown}
 m - 2 scrolls of poison {unknown}
 o - a scroll of blinking {unknown}
 D - a scroll of fog {unknown}
 E - a scroll of vulnerability {unknown}
Potions
 h - a potion of berserk rage {unknown}
 i - 2 potions of mutation {unknown}
 n - a potion of might {unknown}
 q - 5 potions of heal wounds {unknown}
 r - 2 potions of resistance {unknown}
 s - a potion of attraction {unknown}
 w - a potion of cancellation {unknown}
 z - 2 potions of haste {unknown}


   Skills:
 + Level 6.8 Fighting
 + Level 2.0(4.1) Axes
 + Level 4.3(4.6) Maces & Flails
 + Level 2.7(3.2) Polearms
 + Level 1.1(3.7) Staves
 + Level 3.2 Dodging
 - Level 1.0 Shields
 - Level 2.0 Spellcasting
 - Level 4.0 Fire Magic


You had 9 spell levels left.
You knew the following spells:

 Your Spells              Type           Power      Damage    Failure   Level
a - Scorch                Fire           26%        2d6       6%          2

Your spell library contained the following spells:

 Spells                   Type           Power      Damage    Failure   Level


Dungeon Overview and Level Annotations

Branches:
Dungeon (6/15)
 Temple: D:4-7

Altars:
Dithmenos
Vehumet
Zin

Shops:
D:4 (

Annotations:
D:4 1 runed translucent door, grumposus's ghost, amateur VSVM


Innate Abilities, Weirdness & Mutations

You are too large for most types of armour.
You have tough skin. (AC +1)


Message History

You kill the scorpion!
You hit the sleepcap. You hit the sky beast.
You feel sick. The sleepcap completely misses you. The sky beast hits you.
The sky beast shocks you.
The sleepcap releases spores at you but does no damage.
The sky beast hits you. The sky beast shocks you.
Your base Axes skill increases to level 2!
You slash the sleepcap!
The sleepcap is heavily damaged.
You closely miss the sky beast.
You feel sick. You block the sleepcap's attack.
The sky beast hits you but does no damage.
The sleepcap barely misses you. The sky beast hits you.
The sky beast shocks you.
You slash the sleepcap!
The sleepcap is almost destroyed.
You slash the sky beast!
You feel sick.
You are no longer poisoned.
The sleepcap closely misses you. The sky beast completely misses you.
The sleepcap closely misses you. The sky beast barely misses you.
Unknown command.
You hit the sleepcap but do no damage.
The sleepcap is almost destroyed.
You closely miss the sky beast.
The sky beast hits you but does no damage.
You block the sleepcap's attack. You block the sky beast's attack.
The sleepcap releases spores at you!
* * * LOW HITPOINT WARNING * * *
You are engulfed in a cloud of soporific spores!
You fall asleep.
The sky beast hits you!
You wake up.
* * * LOW HITPOINT WARNING * * *
The sky beast shocks you.
* * * LOW HITPOINT WARNING * * *
The sleepcap barely misses you.
Activating: Foxfire Swarm
Press: ? - help, Dir - look around, f - activate Flames leap up around you!
The sky beast hits you.
* * * LOW HITPOINT WARNING * * *
The sky beast shocks you.
You die...

### ## # #.#
#.# #. ...
... #.# #.#
#.# .........
#.#v#v#v#.#.#
#..vvvfv.....
#@#
#!.vvvYv.....
#.#v#v#v#.#.#
......... #.#
#.# #.# #.
### ..# # #.#
..


You could see a sky beast (ally target) and a sleepcap (ally target).

Vanquished Creatures
  Sigmund (D:4)
  An ice beast (D:5)
  An ogre (D:5)
  A centaur (D:5)
  3 scorpions
  An orc priest (D:4)
  3 iguanas
  2 orc wizards
  2 gnolls (D:5)
  3 river rats (D:5)
  5 adders
  A worm (D:4)
  5 dart slugs
  7 orcs
  8 ball pythons
  7 endoplasms
  A giant cockroach (D:1)
  2 goblins
  3 hobgoblins
  9 jackals (D:3)
  2 quokkas
  A bat (D:2)
  3 frilled lizards (D:2)
  7 kobolds
  6 rats
85 creatures vanquished.

Vanquished Creatures (others)
  17 foxfires (D:5)
17 creatures vanquished.

Grand Total: 102 creatures vanquished

Notes
Turn   | Place    | Note
-------+----------+-------------------------------------------
     0 | D:1      | monsoonserge the Ogre Cinder Acolyte began the quest for
                  | the Orb.
     0 | D:1      | Reached XP level 1. HP: 24/24 MP: 2/2
   165 | D:1      | Found a faded altar of an unknown god.
   558 | D:1      | Reached XP level 2. HP: 33/33 MP: 3/3
   832 | D:2      | Learned a level 2 spell: Scorch
   935 | D:2      | Reached XP level 3. HP: 28/40 MP: 4/4
  1543 | D:3      | Reached XP level 4. HP: 45/49 MP: 5/5
  1734 | D:3      | Reached skill level 5 in Fighting
  1815 | D:3      | Reached skill level 1 in Dodging
  2235 | D:3      | Reached XP level 5. HP: 52/57 MP: 6/6
  2778 | D:4      | Noticed Sigmund
  2791 | D:4      | Killed Sigmund
  2792 | D:4      | Reached skill level 1 in Axes
  2792 | D:4      | Reached skill level 1 in Staves
  2792 | D:4      | Reached XP level 6. HP: 64/66 MP: 5/8
  2824 | D:4      | Found a runed translucent door.
  2825 | D:4      | Noticed grumposus's ghost (amateur VSVM)
  2869 | D:4      | Found Raodwa's Weapon Shoppe.
  3091 | D:4      | Found a shadowy altar of Dithmenos.
  3223 | D:4      | Found a glowing silver altar of Zin.
  3664 | D:4      | Reached skill level 6 in Fighting
  3664 | D:4      | Reached XP level 7. HP: 70/75 MP: 4/10
  3841 | D:5      | Entered Level 5 of the Dungeon
  3926 | D:5      | Reached skill level 1 in Shields
  4055 | D:5      | Reached skill level 1 in Polearms
  4114 | D:5      | Found a radiant altar of Vehumet.
  4383 | D:5      | HP: 3/76 [gnoll/+0 halberd of venom (9)]
  4388 | D:5      | HP: 2/76 [poisoned by a gnoll]
  4654 | D:5      | Reached XP level 8. HP: 75/84 MP: 8/11
  4772 | D:6      | HP: 3/84 [sky beast (3)]
  4772 | D:6      | Slain by a sky beast

Illustrated notes

Levels and vault maps discovered:
D:1:      onia_arrival_pyramid, layout_loops_ring,
          hellmonk_ecumenical_altar_defaced_shrine,
          nicolae_kite_square_tiling_tiny, st_stairs_1
D:2:      layout_rooms, columned_hall_lemuel
D:3:      layout_loops_corners, serial_bayou_pond_e
D:4:      layout_basic, mainiacjoe_overflow_tiny_flanked,
          nicolae_dithmenos_shadow_blocks, gammafunk_ghost_grave, serial_shops,
          shop, minmay_misc_feat_plants, minmay_ruptured, uniq_sigmund
D:5:      wad_woods_tower, layout_gridville, nicolae_vehumet_radiance
D:6:      layout_loops_ring, mainiacjoe_overflow_catwalk_spiral,
          minmay_temple_entry_mist, chequers_ossuary_entry_cave, minivault_23,
          st_stairs_10, minmay_small_thing

Skill      XL: |  1  2  3  4  5  6  7  8 |
---------------+-------------------------+-----
Maces & Flails | 3 4 |  4.3
Fire Magic     | 3 4 |  4.0
Fighting       | 5 6 |  6.8
Dodging        | 1 2 3 |  3.2
Axes           | 1 2 |  2.0
Staves         | 1 |  1.1
Spellcasting   | 2 |  2.0
Shields        | 1 |  1.0
Polearms       | 2 |  2.7

Action                     |  1- 3 |  4- 6 |  7- 9 || total
---------------------------+-------+-------+-------++-------
  Melee: Mace              |   107 |   130 |       ||   237
         Punch             |       |     1 |     2 ||     3
         Spear             |       |     1 |    22 ||    23
         War axe           |       |       |    23 ||    23
   Cast: Scorch            |     1 |    14 |    13 ||    28
 Invoke: Foxfire Swarm     |       |       |     2 ||     2
    Use: Potion            |       |       |     2 ||     2
 Armour: Robe              |    54 |    26 |    10 ||    90
  Dodge: Dodged            |    72 |    66 |    27 ||   165
  Block: Other             |       |     9 |    15 ||    24
